AoeStats
← felixpinolmediano

Arabia

510619697Analyzed
1v1 RM · 21h ago on Oct 1, 2026· 39m 15s· 2 players
Game mode
Random Map
Map size
Tiny (2 player)
Population
200
Speed
Normal
Resources
Standard
Victory
Conquest
Starting age
Dark Age
Ending age
Imperial Age
RankedLock teamsTeams togetherTeam positionsShared explorationLock speedFull tech treeHidden civsTurbo modeCheats
Victory
Defeat
🇪🇸 Inca · Spain
823
+20
🇺🇸 Varangians · United States
787
-14
SkulkingMuskrat
8:41 Loom
11:23 Feudal Age
17:55 Castle Age
16:49 Bloodlines
25:41 Scale Barding Armor
27:57 Double-Bit Axe
31:41 Chain Barding Armor
33:29 Wheelbarrow
32:53 Horse Collar
33:42 Husbandry
34:12 Forging
35:32 Scale Mail Armor
38:09 Iron Casting
felixpinolmediano
2:44 Loom
10:45 Feudal Age
11:38 Double-Bit Axe
11:34 Horse Collar
15:06 Forging
14:58 Scale Mail Armor
15:09 Champi Runner
16:35 Wheelbarrow
21:17 Castle Age
21:15 Arson
24:19 Chain Mail Armor
24:39 Iron Casting
24:34 Pikeman
25:15 Squires
33:09 Imperial Age
31:04 Hand Cart
31:38 Champi Warrior
32:09 Elite Skirmisher
33:41 Ballistics
34:44 Plate Mail Armor
35:15 Blast Furnace
35:16 Bow Saw
35:07 Heavy Plow
35:54 Halberdier
39:07 Elite Champi Warrior
Connection lost

Rejoining the realm…

Still unreachable

The connection could not be restored.

Session expired

The server has moved on; the page needs a fresh start.